 Dungeon Crawl Stone Soup version 0.31.0-32-g396128a36d (webtiles) character file.

Game seed: 9508668297663396743

459 H0rd4k the Insei (level 7, 0/45 HPs)
             Began as an Octopode Artificer on Mar 12, 2024.
             Slain by an ogre
             ... wielding a +0 giant club
              (26 damage)
             ... on level 5 of the Dungeon.
             The game lasted 00:02:25 (3414 turns).

H0rd4k the Insei (Octopode Artificer)               Turns: 3414, Time: 00:02:26

Health: 0/45       AC:  1    Str: 11    XL:     7   Next: 6%
Magic:  7/7        EV: 13    Int: 16    God:
Gold:   235        SH:  0    Dex: 12    Spells: 6/6 levels left

rFire   . .          .
                       - Unarmed
rCold   . . .        (no shield)
rNeg    . . .        (helmet restricted)
rPois   .            (no amulet)
rElec   .            (no ring)
rCorr   .            (no ring)
SInv    .            (no ring)
Will    .....        (no ring)
Stlth   +++          (no ring)
HPRegen 0.27/turn    (no ring)
MPRegen 0.10/turn    (no ring)
                     (no ring)

%: no passive effects
@: no status effects
A: almost no armour, amphibious, 8 rings, camouflage 1, gelatinous body 1,
(nimble swimmer 1), tentacles
a: no special abilities


You were on level 5 of the Dungeon.
You visited 1 branch of the dungeon, and saw 5 of its levels.

You collected 235 gold pieces.

Inventory:

Magical Staves
 n - a staff of earth
Talismans
 f - a dragon-blood talisman
 g - a serpent talisman
Wands
 b - a wand of flame (11) (quivered)
 c - a wand of charming (13)
 d - a wand of iceblast (5)
 p - a wand of paralysis (7)
Scrolls
 e - 7 scrolls of identify {unknown}
 i - 2 scrolls of teleportation {unknown}
 l - a scroll of blinking {unknown}
 m - a scroll of enchant armour {unknown}
 o - a scroll of silence {unknown}
Potions
 a - a potion of attraction {unknown}
 h - a potion of invisibility {unknown}
 j - 3 potions of lignification {unknown}
 k - a potion of berserk rage {unknown}


   Skills:
 + Level 2.2 Fighting
 - Level 2.3 Dodging
 - Level 1.3 Stealth
 + Level 5.9 Unarmed Combat
 - Level 3.2 Evocations
 * Level 2.4 Shapeshifting


You had 6 spell levels left.
You didn't know any spells.
Your spell library contained the following spells:

 Spells                   Type           Power      Damage    Failure   Level
 Summon Small Mammal      Summ           0%         N/A       26%         1
 Ensorcelled Hibernation  Hex/Ice        0%         N/A       36%         2
 Call Canine Familiar     Summ           0%         N/A       58%         3
 Frozen Ramparts          Ice            0%         1d1       58%         3
 Passwall                 Erth           0%         N/A       58%         3
 Swiftness                Air            0%         N/A       58%         3
 Tukima's Dance           Hex            0%         N/A       58%         3
 Animate Dead             Necr           0%         N/A       94%         4
 Leda's Liquefaction      Alch/Erth      0%         N/A       94%         4
 Passage of Golubria      Tloc           0%         N/A       94%         4
 Petrify                  Alch/Erth      0%         N/A       94%         4
 Summon Blazeheart Golem  Fire/Summ      0%         N/A       94%         4
 Metabolic Englaciation   Hex/Ice        0%         N/A       100%        5
 Yara's Violent Unravell  Hex/Alch       0%         3d3       100%        5
 Haunt                    Necr/Summ      0%         N/A       100%        7
 Infestation              Necr           0%         N/A       100%        8


Dungeon Overview and Level Annotations

Branches:
Dungeon (6/15)
 Temple: D:4-7

Altars:
Okawaru
Qazlal
Vehumet
Wu Jian
Xom
Zin
The Shining One

Shops:
D:6 :


Innate Abilities, Weirdness & Mutations

You cannot wear most types of armour.
You are amphibious.
You can wear up to eight rings at the same time.
Your skin changes colour to match your surroundings (Stealth+).
Your rubbery body absorbs attacks. (AC +1, EV +1)
((You are camouflaged when in or above water. (Stealth+)))
You have tentacles for arms and can constrict up to eight enemies at once.


Message History

You tentacle-slap the scorpion.
The scorpion is severely wounded.
You constrict the scorpion.
The scorpion dies!
You have reached level 7!
You swap places.
An iguana comes into view.
Found a jewelled fluorescent wand and a scroll labelled VUXTIOHEJIA.
Found 11 gold pieces.
Found 17 gold pieces.
e - 7 scrolls labelled VUXTIOHEJIA (gained 1)
You feel a bit more experienced.
You now have 224 gold pieces (gained 17).
Found 11 gold pieces.
p - a wand of paralysis (7)
You now have 235 gold pieces (gained 11).
An ogre comes into view. It is wielding a +0 giant club.
The ogre shouts!
You see here 11 gold pieces.
An iguana comes into view.
The iguana hisses angrily.
You tentacle-slap the ogre.
The ogre is lightly wounded.
The ogre hits you with a +0 giant club!!
You tentacle-slap the ogre.
The ogre is lightly wounded.
You bludgeon the ogre! You tentacle-slap the ogre.
The ogre is heavily wounded.
The ogre barely misses you.
You barely miss the ogre. You squeeze the ogre.
The ogre is heavily wounded.
You hear the slow rusting of a very distant drain.
The ogre barely misses you.
You tentacle-slap the ogre.
The ogre is severely wounded.
You tentacle-slap the ogre. Your squeeze misses the ogre.
The ogre is almost dead.
The ogre hits you with a +0 giant club!!
Ouch! That really hurt!
You die...

+....# ######....#
#.........#
...........
.........###
#....###...#######
###.............$#
#.........####.######
#.........# #@.....#
#.........# ##Ol...#
#.........# .....#
#.........# .....#
#.........# .....#
#.........# .....+
#.........# .....#
#.........# .....#
###########


You could see an ogre and an iguana.

Vanquished Creatures
  A phantom (D:6)
  A howler monkey (D:6)
  A crimson imp (D:3)
  3 hounds (D:6)
  A jelly (D:3)
  An orc wizard (D:6)
  A dart slug (D:2)
  A ribbon worm (D:2)
  7 orcs
  2 ball pythons
  4 endoplasms
  A giant cockroach (D:1)
  8 goblins
  4 hobgoblins
  9 jackals
  4 kobolds
  3 quokkas
  4 bats
  5 frilled lizards
  2 goblin zombies (D:3)
  2 kobold skeletons (D:3)
  A kobold zombie (D:3)
  An orc skeleton (D:3)
  An orc zombie (D:3)
  8 rats
76 creatures vanquished.

Vanquished Creatures (collateral kills)
  A scorpion (D:5)
  An iguana (D:5)
  An orc (D:3)
3 creatures vanquished.

Vanquished Creatures (others)
  A scorpion (D:5)
1 creature vanquished.

Grand Total: 80 creatures vanquished

Notes
Turn   | Place    | Note
-------+----------+-------------------------------------------
     0 | D:1      | H0rd4k the Octopode Artificer began the quest for the Orb.
     0 | D:1      | Reached XP level 1. HP: 13/13 MP: 1/1
   162 | D:1      | Reached skill level 1 in Unarmed Combat
   274 | D:1      | Reached XP level 2. HP: 18/18 MP: 2/2
   655 | D:1      | Reached skill level 2 in Unarmed Combat
  1097 | D:2      | Reached XP level 3. HP: 19/23 MP: 3/3
  1412 | D:2      | Found a radiant altar of Vehumet.
  1424 | D:2      | Found a faded altar of an unknown god.
  1707 | D:2      | Reached skill level 3 in Unarmed Combat
  1962 | D:3      | Found a glowing silver altar of Zin.
  2017 | D:3      | Found a glowing golden altar of the Shining One.
  2034 | D:3      | Reached XP level 4. HP: 27/28 MP: 4/4
  2108 | D:3      | Found a stormy altar of Qazlal.
  2154 | D:3      | Reached skill level 1 in Shapeshifting
  2253 | D:3      | Found an iron altar of Okawaru.
  2345 | D:3      | Reached skill level 4 in Unarmed Combat
  2345 | D:3      | Reached XP level 5. HP: 34/34 MP: 5/5
  2364 | D:3      | You fall into a shaft and drop 3 floors!
  2364 | D:6      | Found a radiant altar of Vehumet.
  2392 | D:6      | Found a shimmering altar of Xom.
  2478 | D:6      | Found an ornate altar of the Wu Jian Council.
  2666 | D:6      | Noticed a phantom
  2680 | D:6      | Killed a phantom
  2681 | D:6      | Reached skill level 5 in Unarmed Combat
  2681 | D:6      | Reached XP level 6. HP: 21/39 MP: 6/6
  3002 | D:6      | Found Dethryrph's Book Boutique.
  3361 | D:5      | Entered Level 5 of the Dungeon
  3374 | D:5      | Reached XP level 7. HP: 42/45 MP: 7/7
  3414 | D:5      | Slain by an ogre

Illustrated notes

Levels and vault maps discovered:
D:1:      lemuel_arrival_broad_hall, layout_basic
D:2:      kennysheep_the_goblin_king, layout_basic,
          shapermc_ecumenical_altar_pompeii, basic_altar, nrook_mini_backslash,
          minmay_liquid_box, minmay_heptomino_o4
D:3:      layout_rooms, mainiacjoe_overflow_brackets,
          nicolae_tso_besieged_by_evil, lemuel_round_altar,
          mainiacjoe_overflow_boulevard, st_stairs_14,
          nicolae_concentric_dashed_squares_wild, corexii_leaking_fountain
D:5:      layout_basic, portal_sewer_entry_b, serial_shops, shop
D:6:      layout_cave_pods, mainiacjoe_overflow_tiny_flanked,
          mainiacjoe_overflow_catch_the_wave, serial_shops, shop

Skill      XL: |  1  2  3  4  5  6 |
---------------+-------------------+-----
Unarmed Combat | 1 2 3 4 5 |  5.9
Shapeshifting  | 1 2 |  2.4
Fighting       | 2 |  2.2
Dodging        | |  2.3
Stealth        | |  1.3
Evocations     | |  3.2

Action                     |  1- 3 |  4- 6 |  7- 9 || total
---------------------------+-------+-------+-------++-------
  Melee: Unarmed           |   101 |    80 |     6 ||   187
         Constrict         |    28 |    22 |       ||    50
         Tentacles         |    22 |    18 |     1 ||    41
         Punch             |       |     3 |     1 ||     4
  Evoke: Wand              |       |     6 |       ||     6
   Stab: Sleeping          |    13 |     2 |       ||    15
 Armour: Skin              |    39 |    36 |     2 ||    77
  Dodge: Dodged            |    70 |    50 |     2 ||   122
